Map: Ulrena

Players

PHILZBIL - Winner!

  • Race: Terran Terran
  • League: Silver
  • Spawn Location: 7:00

Fropez

  • Race: Protoss Protoss
  • League: Silver
  • Spawn Location: 11:00

VOD

Have the link to the VOD?

Description

Time

  • Played on: July 1, 2016, 10:51 a.m.
  • Length: 4:14
Show
View Real Time Build Order
Export as new Build Order

PHILZBIL Terran - Winner!

Build Orders:  

Get SALT Encoding   

  12  0:02  SCV  
  13  0:18  Supply Depot  
  13  0:22  SCV  
  14  0:34  SCV  
  15  0:44  Barracks  
  15  0:46  SCV  
  16  0:54  Barracks  
  16  1:05  Barracks  
  16  1:12  SCV  
  17  1:24  SCV  
  18  1:31  Marine  
  19  1:35  Supply Depot  
  19  1:42  Orbital Command  
  19  1:46  Marine  
  20  1:49  Marine  
  20  1:53  Marine  
  22  1:59  Supply Depot  
  22  2:06  Marine  
  22  2:07  Marine  
  24  2:17  Marine  
  25  2:24  Marine x2  
  27  2:35  Marine  
  28  2:42  Marine x2  
  30  2:46  Bunker  
  30  2:52  Marine  
  31  3:10  Marine  
  31  3:11  Marine x2  
  34  3:28  Marine  
  34  3:29  Marine x2  
  34  3:46  Marine  
  34  3:47  Marine x2  
Show
View Real Time Build Order
Export as new Build Order

Fropez Protoss 

Build Orders: Oracle Opening 

Get SALT Encoding   

  12  0:01  Probe (Chrono Boost)  
  13  0:22  Pylon  
  13  0:23  Probe (Chrono Boost)  
  14  0:28  Assimilator  
  14  0:33  Probe (Chrono Boost)  
  15  0:51  Probe (Chrono Boost)  
  15  0:53  Pylon  
  16  1:01  Probe (Chrono Boost)  
  17  1:05  Gateway  
  17  1:10  Pylon  
  17  1:13  Probe (Chrono Boost)  
  18  1:23  Probe (Chrono Boost)  
  19  1:29  Assimilator  
  19  1:34  Probe (Chrono Boost)  
  20  1:43  Gateway  
  20  1:44  Probe (Chrono Boost)  
  21  1:53  Cybernetics Core  
  21  1:56  Probe (Chrono Boost)  
  22  2:07  Probe (Chrono Boost)  
  23  2:11  Pylon  
  23  2:17  Probe (Chrono Boost)  
  24  2:31  Stargate  
  24  2:39  Stargate  
  24  2:47  Pylon  
  24  2:55  Mothership Core (Chrono Boost)  
  26  3:21  Oracle  
Tags
 
Matchup
PvT
Replay Pack
All Mines
Spawn Locations
Close Positions
Add a new tag
Caveats
  • Supply blocks, unpowered buildings, or Contaminate may cause inaccurate times.
  • Supply counts are checked every 10 seconds.